Map: Ruins of Endion

Players

Miszu

  • Race: Protoss Protoss
  • League: Master

Turin - Winner!

  • Race: Zerg Zerg
  • League: Master

VOD

Have the link to the VOD?

Description

Time

  • Played on: June 25, 2016, 2:01 p.m.
  • Length: 18:42
Show
View Real Time Build Order
Export as new Build Order

Miszu Protoss 

Build Orders: 1 Gate Expand 

Get SALT Encoding   

  12  0:00  Probe (Chrono Boost)  
  13  0:13  Probe (Chrono Boost)  
  14  0:18  Pylon  
  14  0:24  Probe (Chrono Boost)  
  15  0:36  Probe (Chrono Boost)  
  15  0:38  Gateway  
  16  0:46  Probe (Chrono Boost)  
  17  0:57  Assimilator  
  17  1:14  Nexus  
  17  1:19  Probe (Chrono Boost)  
  18  1:28  Cybernetics Core  
  18  1:30  Probe (Chrono Boost)  
  19  1:40  Probe (Chrono Boost)  
  19  1:45  Assimilator  
  20  1:50  Pylon  
  20  1:51  Probe (Chrono Boost)  
  21  2:02  Probe (Chrono Boost)  
  21  2:05  Warp Gate (Chrono Boost)  
  21  2:08  Adept (Chrono Boost)  
  24  2:13  Probe  
  25  2:25  Probe x2  
  25  2:28  Adept  
  29  2:37  Mothership Core  
  29  2:38  Probe  
  32  2:52  Gateway  
  32  2:53  Gateway  
  32  2:56  Adept  
  32  2:59  Probe  
  32  3:02  Probe  
  36  3:11  Probe  
  37  3:14  Probe  
  38  3:23  Probe  
  38  3:25  Pylon  
  38  3:26  Probe  
  40  3:35  Probe  
  40  3:38  Probe (Chrono Boost)  
  38  3:48  Probe (Chrono Boost)  
  39  3:50  Probe (Chrono Boost)  
  39  3:55  Adept x3  
  42  3:59  Probe (Chrono Boost)  
  42  4:01  Probe (Chrono Boost)  
  48  4:04  Stargate  
  48  4:05  Stargate  
  48  4:07  Assimilator  
  48  4:08  Assimilator  
  47  4:25  Adept x3  
  47  4:28  Probe (Chrono Boost)  
  54  4:34  Pylon  
  54  4:48  Probe (Chrono Boost)  
  54  4:50  Nexus  
  55  4:52  Probe (Chrono Boost)  
  55  4:54  Phoenix x2 (Chrono Boost)  
  57  5:14  Probe x2  
  57  5:20  Phoenix (Chrono Boost)  
  60  5:25  Pylon  
  60  5:26  Probe x2  
  62  5:43  Probe  
  62  5:44  Probe, Phoenix (Chrono Boost)  
  62  5:45  Phoenix (Chrono Boost)  
  62  5:48  Pylon  
  68  5:53  Pylon  
  68  5:55  Probe  
  68  5:56  Probe  
  70  6:07  Probe  
  70  6:10  Probe  
  72  6:17  Phoenix x2 (Chrono Boost)  
  76  6:22  Adept x2  
  76  6:23  Adept, Probe  
  83  6:32  Probe  
  83  6:33  Probe  
  83  6:39  Phoenix (Chrono Boost)  
  87  6:49  Phoenix (Chrono Boost)  
  87  6:50  Probe  
  90  6:55  Probe  
  90  6:56  Probe  
  90  7:01  Phoenix (Chrono Boost)  
  94  7:03  Probe  
  94  7:06  Probe  
  96  7:09  Probe  
  96  7:11  Pylon  
  96  7:14  Stalker  
  96  7:15  Probe  
  100  7:16  Probe  
  100  7:21  Robotics Facility  
  101  7:23  Pylon  
  101  7:25  Robotics Facility  
  101  7:26  Pylon  
  101  7:28  Pylon, Probe  
  101  7:29  Probe  
  103  7:30  Probe  
  103  7:35  Assimilator  
  103  7:36  Assimilator  
  104  7:38  Gateway  
  104  7:39  Probe  
  104  7:40  Gateway, Pylon  
  104  7:42  Probe x2  
  107  7:49  Probe  
  108  7:59  Adept x3  
  108  8:05  Twilight Council  
  114  8:09  Forge, Warp Prism (Chrono Boost)  
  114  8:10  Gateway  
  116  8:12  Gateway  
  116  8:19  Observer (Chrono Boost)  
  117  8:24  Adept x3  
  123  8:29  Pylon  
  123  8:39  Immortal (Chrono Boost)  
  127  8:43  Immortal (Chrono Boost)  
  127  8:45  Photon Cannon  
  127  8:47  Pylon  
  127  8:48  Adept x3  
  137  8:57  Charge  
  137  8:59  Adept x2  
  141  9:11  Protoss Ground Weapons Level 1 (Chrono Boost)  
  141  9:12  Immortal  
  149  9:17  Immortal  
  149  9:23  Zealot x2  
  149  9:24  Zealot x3  
  111  9:40  Sentry x2  
  115  9:55  Sentry x4  
  115  9:57  Zealot  
  115  9:58  Immortal  
  115  9:59  Immortal  
  125  10:09  Zealot x2  
  125  10:14  Templar Archives  
  127  10:20  Zealot  
  129  10:32  Zealot  
  129  10:33  Zealot x5  
  139  10:38  Immortal x2  
  145  10:55  Stalker x2  
  145  10:56  Zealot x2  
  145  11:14  Fleet Beacon  
  145  11:15  Stargate  
  141  11:31  Pylon  
  141  11:32  Psionic Storm  
  141  11:33  Pylon x2  
  141  11:35  Pylon  
  141  11:36  Pylon  
  141  11:43  Nexus  
  149  11:54  Pylon  
  149  12:05  Observer  
  149  12:06  Observer  
  149  12:07  Tempest (Chrono Boost)  
  149  12:08  Tempest (Chrono Boost)  
  151  12:09  Tempest (Chrono Boost)  
  155  12:33  Assimilator x2  
  155  12:34  High Templar x4  
  143  12:44  Archon x2  
  126  12:53  Zealot x2  
  126  12:54  Zealot  
  122  13:02  Tempest x2 (Chrono Boost)  
  122  13:04  Tempest (Chrono Boost)  
  121  13:15  Observer  
  121  13:16  Observer  
  121  13:19  Zealot  
  121  13:20  Zealot x4  
  117  13:39  Tempest (Chrono Boost)  
  116  14:09  Zealot x2  
  110  14:10  Zealot  
  110  14:11  Zealot x2  
  114  14:24  Nexus  
  112  14:31  High Templar x2  
  116  14:39  Archon  
  116  14:40  High Templar  
  118  15:06  High Templar  
  118  15:07  High Templar x3  
  120  15:12  Archon x2  
  124  15:15  High Templar  
  112  15:53  High Templar x2  
  112  15:55  Zealot x2  
  120  15:59  Archon  
  120  16:12  Nexus  
  124  16:26  Tempest (Chrono Boost)  
  124  16:35  Pylon  
  124  16:41  Zealot x2  
  128  16:57  Zealot x3  
  134  17:07  Zealot  
  130  17:08  Zealot  
  129  17:16  Zealot  
  131  17:32  High Templar x4  
  131  17:33  High Templar x2  
  143  17:44  Archon x2  
  143  17:45  Archon  
  143  17:46  High Templar  
  143  17:50  Assimilator  
  121  18:05  High Templar, Zealot x2  
  101  18:10  Archon, Zealot x2  
  107  18:17  Zealot  
  107  18:24  Zealot  
  95  18:29  Zealot  
  95  18:30  Zealot x3  
  63  18:38  High Templar  
  63  18:39  Zealot  
Show
View Real Time Build Order
Export as new Build Order

Turin Zerg - Winner!

Build Orders: Hatch First, Lurkers 

Get SALT Encoding   

  12  0:01  Drone  
  13  0:13  Overlord  
  13  0:18  Drone  
  14  0:32  Drone x2  
  16  0:37  Drone  
  17  0:54  Hatchery  
  16  0:58  Drone  
  16  1:00  Drone  
  18  1:07  Extractor  
  17  1:14  Spawning Pool  
  16  1:18  Drone  
  16  1:23  Drone  
  18  1:31  Drone  
  19  1:43  Drone  
  20  1:52  Overlord  
  20  2:04  Queen  
  20  2:06  Queen  
  20  2:07  Zergling x4  
  26  2:09  Metabolic Boost  
  26  2:14  Drone  
  27  2:17  Drone  
  28  2:23  Drone  
  28  2:29  Drone  
  30  2:32  Evolution Chamber  
  30  2:33  Drone  
  30  2:43  Drone  
  29  2:59  Zerg Melee Weapons Level 1  
  29  3:00  Zergling x2, Hatchery  
  29  3:02  Zergling x2  
  29  3:05  Zergling x2  
  31  3:07  Zergling x2  
  31  3:11  Overlord  
  32  3:17  Zergling x4  
  34  3:22  Overlord  
  34  3:23  Drone  
  35  3:28  Drone  
  35  3:29  Drone  
  35  3:32  Drone x2  
  38  3:38  Drone x2  
  39  3:41  Spore Crawler  
  38  3:49  Drone x3  
  38  3:54  Zergling x2  
  38  3:55  Zergling x4  
  42  3:58  Zergling x2  
  42  4:00  Zergling x4  
  45  4:06  Lair  
  45  4:15  Drone x3  
  47  4:21  Drone x3  
  47  4:23  Extractor  
  48  4:24  Extractor, Drone x2  
  48  4:27  Drone  
  48  4:28  Drone  
  48  4:29  Drone  
  52  4:31  Drone  
  52  4:33  Drone  
  54  4:39  Evolution Chamber  
  54  4:43  Zergling x4  
  55  4:47  Zergling x4  
  55  4:48  Zergling x2  
  57  4:56  Overlord x2  
  56  5:00  Queen  
  56  5:01  Zergling x2  
  56  5:06  Zergling x2  
  57  5:11  Zerg Melee Weapons Level 2  
  56  5:17  Drone x3  
  56  5:19  Drone  
  60  5:22  Zergling x4  
  60  5:24  Baneling Nest, Zergling x4  
  60  5:26  Queen  
  65  5:31  Zergling x4  
  65  5:32  Overlord  
  65  5:33  Drone x4  
  65  5:34  Drone  
  72  5:41  Zergling x4  
  71  5:44  Zergling x2  
  71  5:49  Zergling x2  
  73  5:51  Overlord  
  73  5:55  Zerg Ground Armor Level 1  
  73  5:58  Drone, Spore Crawler  
  73  5:59  Drone x3  
  73  6:00  Drone x2  
  78  6:04  Queen  
  78  6:08  Hydralisk Den  
  78  6:09  Queen  
  81  6:11  Drone  
  81  6:12  Overlord  
  81  6:13  Overlord  
  79  6:22  Drone x4  
  79  6:23  Extractor  
  79  6:25  Drone x2  
  82  6:28  Spore Crawler  
  82  6:29  Drone  
  82  6:30  Drone  
  81  6:42  Queen x2  
  81  6:43  Muscular Augments  
  83  6:50  Queen  
  83  6:53  Hydralisk  
  83  6:54  Hydralisk x3  
  85  6:59  Hydralisk x2  
  85  7:00  Hydralisk  
  97  7:07  Hydralisk  
  97  7:08  Hydralisk  
  97  7:12  Overlord  
  97  7:13  Overlord x2  
  97  7:15  Spore Crawler  
  95  7:19  Hydralisk x2  
  97  7:28  Drone  
  98  7:31  Drone x3  
  98  7:32  Drone x3  
  98  7:36  Hydralisk x2  
  108  7:39  Zerg Missile Weapons Level 1  
  108  7:43  Infestation Pit, Drone  
  108  7:44  Drone  
  108  7:50  Drone x3  
  108  7:51  Drone  
  107  8:00  Drone x2  
  107  8:02  Overlord x2, Extractor  
  107  8:03  Extractor  
  107  8:04  Drone x3  
  107  8:05  Drone x3  
  113  8:08  Spore Crawler  
  113  8:10  Spore Crawler  
  111  8:17  Centrifical Hooks  
  111  8:22  Zerg Ground Armor Level 2  
  111  8:23  Hatchery  
  110  8:29  Zergling x14  
  110  8:30  Zergling x2, Overseer x2  
  118  8:35  Hydralisk x2  
  118  8:38  Hydralisk  
  124  8:45  Hydralisk x2  
  124  8:46  Hydralisk  
  130  9:00  Zergling x4  
  130  9:01  Lurker Den  
  132  9:06  Overlord x3  
  132  9:07  Overlord x2  
  132  9:11  Hydralisk x2  
  132  9:12  Hydralisk  
  138  9:17  Baneling x6  
  138  9:18  Baneling  
  138  9:20  Overlord  
  138  9:30  Hydralisk x4  
  133  9:38  Hydralisk x2  
  130  9:51  Spine Crawler  
  130  9:52  Drone x3, Spine Crawler  
  130  9:53  Drone x5  
  130  9:54  Spine Crawler  
  130  9:55  Spine Crawler  
  130  9:56  Spine Crawler  
  130  9:57  Hydralisk  
  132  10:14  Drone x2  
  132  10:16  Drone x5  
  132  10:17  Spore Crawler x2  
  132  10:19  Spine Crawler x2  
  135  10:21  Spore Crawler, Spine Crawler  
  135  10:24  Drone x3  
  135  10:25  Drone  
  137  10:33  Hive  
  134  10:35  Drone  
  134  10:42  Queen  
  132  10:45  Drone x3  
  132  10:46  Drone  
  132  10:47  Drone x2  
  132  10:49  Hydralisk  
  137  10:50  Hydralisk x2  
  137  10:55  Overlord x2  
  139  11:09  Zergling x16  
  139  11:10  Zergling x8  
  144  11:21  Zergling x8  
  144  11:23  Queen  
  150  11:34  Baneling x3  
  150  11:35  Baneling x9  
  150  11:36  Baneling x3  
  150  11:37  Extractor  
  149  11:42  Lurker  
  149  11:43  Extractor, Lurker x2  
  149  11:45  Lurker  
  149  11:46  Lurker x3  
  155  11:52  Extractor, Hatchery  
  155  11:53  Extractor, Hydralisk x2  
  156  11:54  Overlord  
  156  11:56  Zergling x2  
  156  12:00  Zerg Melee Weapons Level 3  
  157  12:11  Zerg Ground Armor Level 3  
  157  12:14  Zergling x10  
  162  12:17  Drone x3  
  162  12:21  Drone  
  166  12:24  Adrenal Glands  
  166  12:27  Hydralisk  
  168  12:30  Hydralisk  
  168  12:33  Hydralisk  
  168  12:34  Zergling x4  
  161  12:48  Zergling x16  
  161  12:53  Hydralisk  
  161  12:54  Hydralisk x2  
  161  12:56  Hydralisk x2  
  151  13:03  Zergling x6  
  151  13:04  Zergling x4  
  148  13:06  Zergling x2  
  148  13:07  Zergling x2  
  148  13:11  Zergling x6  
  153  13:16  Hatchery  
  149  13:21  Hydralisk x4  
  149  13:26  Hydralisk x2  
  155  13:32  Hydralisk  
  155  13:33  Hydralisk  
  149  13:46  Hydralisk  
  149  13:47  Hydralisk x4  
  133  13:57  Hydralisk x3  
  133  13:58  Hydralisk  
  123  14:16  Hydralisk x3  
  123  14:17  Hydralisk x4  
  113  14:34  Zergling x2  
  113  14:35  Zergling x4, Hatchery  
  115  14:45  Spore Crawler  
  115  14:46  Drone x2, Spine Crawler  
  115  14:47  Spine Crawler  
  115  14:49  Zergling x4  
  116  14:55  Zergling x8  
  118  15:05  Hydralisk x3  
  120  15:11  Hydralisk x2  
  122  15:17  Hydralisk  
  120  15:21  Hydralisk  
  120  15:24  Hydralisk  
  120  15:26  Hydralisk  
  123  15:32  Hydralisk x2  
  95  15:50  Hydralisk x3  
  95  15:51  Hydralisk  
  95  15:53  Lurker x2  
  95  15:54  Lurker  
  95  15:56  Zergling x6  
  95  15:57  Zergling x2  
  110  15:59  Zergling x2  
  110  16:06  Hydralisk x2  
  105  16:12  Hydralisk x2  
  105  16:16  Hydralisk  
  105  16:17  Hydralisk  
  109  16:26  Drone x4  
  113  16:36  Viper x2  
  119  16:47  Viper x2  
  119  16:50  Hydralisk  
  124  17:02  Hydralisk x2  
  124  17:07  Hydralisk x3  
  131  17:11  Hydralisk  
  130  17:23  Hydralisk  
  130  17:24  Hydralisk x4  
  140  17:34  Zergling x6  
  140  17:35  Zergling x8  
  147  17:42  Hydralisk  
  147  17:43  Zergling x4  
  147  17:58  Hydralisk  
  147  17:59  Hydralisk x2  
  148  18:08  Zergling x6  
  148  18:09  Hatchery  
  148  18:13  Hydralisk x2  
Tags
 
Add a new tag
Caveats
  • Supply blocks, unpowered buildings, or Contaminate may cause inaccurate times.
  • Supply counts are checked every 10 seconds.